 Dungeon Crawl Stone Soup version 0.23-a0-473-gc8aadda (webtiles) character file.

2685 NagaOrGTFO the Digger (level 9, -1/68 HPs)
             Began as a Naga Earth Elementalist on Nov 27, 2018.
             Was a Follower of Kikubaaqudgha.
             Slain by a two-headed ogre
             ... wielding a +0 giant club
              (33 damage)
             ... on level 7 of the Dungeon.
             The game lasted 00:42:55 (4427 turns).

NagaOrGTFO the Digger (Naga Earth Elementalist)     Turns: 4427, Time: 00:42:56

Health: -1/68      AC:  5    Str: 11    XL:     9   Next: 64%
Magic:  4/19       EV: 10    Int: 19    God:    Kikubaaqudgha [*.....]
Gold:   346        SH:  0    Dex: 11    Spells: 16/22 levels left

rFire    . . .     SeeInvis +   p - staff of earth
rCold    . . .     Gourm    .   (no shield)
rNeg     . . .     Faith    .   C - +1 robe of Dogot {+Fly Stlth+} (curse)
rPois    +         Spirit   .   (no helmet)
rElec    .         Reflect  .   (no cloak)
rCorr    +         Harm     .   (no gloves)
MR       +....                  (no barding)
Stlth    +++.......             z - amulet of regeneration
HPRegen  0.61/turn              s - ring of resist corrosion
MPRegen  0.16/turn              w - ring of flight

@: very slow
A: large, see invisible, deformed body, poison resistance, slowness 2, slow
metabolism 1, spit poison 1, AC +3
a: Spit Poison, Receive Corpses, Renounce Religion, Evoke Flight


You were on level 7 of the Dungeon.
You worshipped Kikubaaqudgha.
Kikubaaqudgha was aware of your devotion.
You were hungry.

You visited 2 branches of the dungeon, and saw 8 of its levels.
You also visited: Sewer.

You collected 346 gold pieces.

Inventory:

Hand Weapons
 c - a +3 hand axe of freezing
 q - a +2 trident of venom
 t - a +2 whip of venom
 x - a +2 spear of flaming
 D - a +2 morningstar
Missiles
 b - 197 stones (quivered)
Armour
 e - a +0 leather armour
 C - the cursed +1 robe of Dogot (worn) {+Fly Stlth+}
   (You found it on level 6 of the Dungeon)

   It lets you fly.
   It makes you more stealthy.
   It has a curse placed upon it.
Magical Staves
 p - an uncursed staff of earth (weapon)
Jewellery
 s - a ring of resist corrosion (left hand)
 w - a ring of flight (right hand)
 z - an amulet of regeneration (around neck)
Wands
 h - a wand of scattershot (5)
Scrolls
 a - a scroll of magic mapping
 f - a scroll of identify
 j - 3 scrolls of remove curse
 l - a scroll of fog {unknown}
 n - 3 scrolls of teleportation
 o - 2 scrolls of amnesia {unknown}
 y - a scroll of enchant weapon {unknown}
 A - 2 scrolls of enchant armour {unknown}
 B - a scroll of acquirement
Potions
 g - 5 potions of lignification {unknown}
 i - 3 potions of heal wounds
 k - a potion of brilliance
 m - a potion of invisibility {unknown}
 r - 5 potions of curing
 u - 4 potions of agility {unknown}
 v - 2 potions of flight {unknown}
Comestibles
 d - 6 rations
 E - 5 chunks of flesh


   Skills:
 - Level 1.5 Dodging
 - Level 3.0 Stealth
 * Level 7.0 Spellcasting
 + Level 7.1 Conjurations
 + Level 3.1 Transmutations
 + Level 7.7 Earth Magic


You had 16 spell levels left.
You knew the following spells:

 Your Spells              Type           Power        Failure   Level  Hunger
a - Sandblast             Erth           ######       1%          1    None
c - Passwall              Tmut/Erth      #####...     1%          2    None
s - Stone Arrow           Conj/Erth      ######       1%          3    #......

Your spell library contained the following spells:

 Spells                   Type           Power        Failure   Level  Hunger
 Pain                     Necr           #...         10%         1    None
 Petrify                  Tmut/Erth      #####...     11%         4    ###....
 Lee's Rapid Deconstruct  Erth           ######....   12%         5    #####..
 Corpse Rot               Necr           N/A          16%         2    None
 Sublimation of Blood     Necr           #.........   16%         2    None
 Vampiric Draining        Necr           #.........   30%         3    #......


Dungeon Overview and Level Annotations

Branches:
Dungeon (7/15)             Temple (1/1) D:5

Altars:
Ashenzari
Elyvilon
Fedhas
Gozag
Hepliaklqana
Kikubaaqudgha
Makhleb
Nemelex Xobeh
Okawaru
Qazlal
Sif Muna
Uskayaw
Xom
Yredelemnul
Zin
The Shining One

Shops:
D:6 }


Innate Abilities, Weirdness & Mutations

You cannot wear boots.
Your serpentine skin is tough. (AC +3)
You have supernaturally acute eyesight. (SInv)
Armour fits poorly on your strangely shaped body.
Your system is resistant to poisons. (rPois)
You cover ground very slowly.
You have a slow metabolism.
You can spit poison.


Message History

Okay, then.
Casting: Stone Arrow (safe; 1% risk of failure)
Confirm with . or Enter, or press ? or * to list all spells.
Okay, then.
Casting: Stone Arrow (safe; 1% risk of failure)
Confirm with . or Enter, or press ? or * to list all spells.
Aiming: Passwall (safe; 1% risk of failure)
Press: ? - help, Dir - move target cursor, p - two-headed ogre A rock wall.
You feel a surge of power! The jackal closely misses you.
The two-headed ogre hits you but does no damage.
The two-headed ogre hits you with a +0 giant spiked club!!
You begin to meditate on the wall.
You continue meditating on the rock.
The jackal bites you but does no damage.
You continue meditating on the rock.
You have got your breath back.
The jackal bites you but does no damage.
The two-headed ogre hits you with a +0 giant club!!
You die...
Kikubaaqudgha rasps: "You have failed me!
Welcome... death!"

*,,* *,,**,***,**,,,**** *, *,,*
*,,,,,* *,,,,,,,,,* *,
*,,*##****..o#.###,**,,,**,* *,
*,,,,.,,,,...#....,***,***,* *,
*,***#.***#..#.#.#** *,* *,* *,
*,* #.##*#..#.#.##***,* *,* *,
*,* *...*#..#.#..,,,,,* *,* *,
*,* *##.##..#.#h#********,* *,
*,****#...#..#.#@### *,,,* *,
,,,,,,,,#.<..).÷O..# *,*,* *,
,,****#.>....###.#.#****,,,*****,
,,,........### #)#...,,,,,,,,,,,,
,**#####.#.# #.##.†#*,,****,***
** #.#.#***#.#,.)..,,,***,***
#....,,,...,...(.,,,*,,,**
###..,,.....,...>.,,,,*,,,
#.#######.......,**,,,**


You could see a two-headed ogre and a jackal.

Vanquished Creatures
  Grinder (D:3)
  Sigmund (D:3)
  Menkaure (D:6)
  A water moccasin (D:4)
  An orc warrior (D:6)
  Duvessa (D:5)
  A sky beast (D:5)
  3 ogres
  2 centaurs
  3 big kobolds (Sewer)
  Blork the orc (D:6)
  Dowan (D:5)
  A scorpion (D:5)
  5 wights (D:6)
  2 howler monkeys
  A crimson imp (D:5)
  2 jellies
  A bullfrog zombie (D:6)
  3 hounds
  2 orc wizards (D:6)
  A bullfrog skeleton (D:6)
  An orc priest (D:7)
  A centaur skeleton (D:5)
  3 worker ants
  A hound zombie (D:5)
  2 worker ant zombies
  3 gnolls (D:4)
  A howler monkey skeleton (D:4)
  6 river rats
  9 adders
  2 worms (D:2)
  2 dart slugs (D:3)
  3 leopard geckos
  7 orcs
  10 ball pythons
  5 giant cockroaches
  9 goblins
  10 hobgoblins
  10 jackals
  4 quokkas
  A ball python skeleton (D:4)
  6 bats
  5 frilled lizards
  19 kobolds
  A leopard gecko skeleton (D:4)
  A quokka skeleton (D:4)
  A quokka zombie (D:6)
  30 rats
188 creatures vanquished.

Notes
Turn   | Place    | Note
-------+----------+-------------------------------------------
     0 | D:1      | NagaOrGTFO the Naga Earth Elementalist began the quest for
                  | the Orb.
     0 | D:1      | Reached XP level 1. HP: 15/15 MP: 3/3
   107 | D:1      | Reached XP level 2. HP: 22/22 MP: 5/5
   170 | D:1      | HP: 1/22 [hobgoblin/+0 club (6)]
   402 | D:1      | Reached XP level 3. HP: 26/28 MP: 6/6
   602 | D:2      | Learned a level 2 spell: Passwall
   606 | D:2      | Learned a level 3 spell: Stone Arrow
   695 | D:2      | Reached XP level 4. HP: 36/36 MP: 6/8
  1052 | D:3      | Noticed Sigmund
  1121 | D:3      | Found a sparkling altar of Nemelex Xobeh.
  1196 | D:3      | Reached skill level 1 in Conjurations
  1335 | D:3      | Noticed Grinder
  1379 | D:3      | Paralysed by Grinder for 2 turns
  1382 | D:3      | Killed Grinder
  1382 | D:3      | Reached skill level 5 in Earth Magic
  1382 | D:3      | Reached XP level 5. HP: 18/42 MP: 3/10
  1382 | D:3      | Reached XP level 6. HP: 21/49 MP: 3/11
  1511 | D:3      | Killed Sigmund
  1579 | D:4      | Reached XP level 7. HP: 55/55 MP: 8/12
  1590 | D:4      | Found a glowing drain.
  1629 | Sewer    | Entered a sewer
  2233 | D:4      | Reached skill level 5 in Conjurations
  2233 | D:4      | Reached XP level 8. HP: 62/62 MP: 10/14
  2475 | D:4      | Reached skill level 5 in Spellcasting
  2629 | D:5      | Entered Level 5 of the Dungeon
  3024 | D:5      | Noticed Dowan
  3035 | D:5      | Killed Dowan
  3041 | D:5      | Noticed Duvessa
  3455 | D:5      | Killed Duvessa
  3455 | D:5      | Reached XP level 9. HP: 68/68 MP: 12/17
  3462 | D:5      | Found a staircase to the Ecumenical Temple.
  3471 | Temple   | Entered the Ecumenical Temple
  3519 | Temple   | Became a worshipper of Kikubaaqudgha
  3715 | D:6      | Found Optuoh's Gadget Emporium.
  3743 | D:6      | Found a hide-covered altar of Uskayaw.
  3840 | D:6      | Noticed Menkaure
  3853 | D:6      | Killed Menkaure
  4036 | D:6      | Got a silken robe
  4051 | D:6      | Identified the cursed +1 robe of Dogot {+Fly Stlth+} (You
                  | found it on level 6 of the Dungeon)
  4079 | D:6      | Found a burning altar of Makhleb.
  4097 | D:6      | Noticed Blork the orc
  4101 | D:6      | Killed Blork the orc
  4342 | D:6      | Reached * piety under Kikubaaqudgha
  4342 | D:6      | Identified Kikubaaqudgha's Reference Book on Black Magic
                  | (Kikubaaqudgha gifted it to you on level 6 of the Dungeon)
  4342 | D:6      | Received a gift from Kikubaaqudgha
  4378 | D:7      | Identified a scroll of acquirement
  4415 | D:7      | Noticed a two-headed ogre
  4427 | D:7      | Slain by a two-headed ogre

Vault maps used:
D:1:      zelgadis_glass_arrival_small
D:3:      nemelex_xobeh_ov_fountains_minmay, first_ration, uniq_grinder,
          uniq_sigmund
D:4:      portal_sewer_entry_c
D:5:      minmay_chambers_of_fours, temple_hall, uniq_duvessa
D:6:      nicolae_overflow_crystal_walls, kennysheep_little_box, serial_shops,
          nicolae_shop_crystal, uniq_menkaure, uniq_blork_the_orc
D:7:      lemuel_doored_altar, basic_altar, enter_bailey_3, serial_shops,
          nicolae_shop_waterfront, st_stairs_5, uniq_harold
Temple:   cyrus_circular_temple
Sewer:    sewer_minmay_treatment

Skill      XL: |  1  2  3  4  5  6  7  8  9 |
---------------+----------------------------+-----
Spellcasting   | 3 4 5 7 |  7.0
Earth Magic    | 5 6 7 |  7.7
Conjurations   | 2 3 5 6 7 |  7.1
Transmutations | 3 |  3.1
Dodging        | |  1.5
Stealth        | |  3.0

Action                   |  1- 3 |  4- 6 |  7- 9 || total
-------------------------+-------+-------+-------++-------
Melee: Whip              |     4 |     3 |    13 ||    20
       Rapier            |       |     3 |    32 ||    35
       Spear             |       |       |    10 ||    10
       Staff             |       |       |    18 ||    18
 Cast: Sandblast         |    14 |    29 |   113 ||   156
       Stone Arrow       |       |       |    24 ||    24
       Passwall          |       |       |     1 ||     1
 Abil: Spit Poison       |    39 |    29 |    88 ||   156
  Use: Scroll            |       |     7 |     6 ||    13
       Potion            |       |     1 |       ||     1
 Stab: Sleeping          |       |       |     1 ||     1
       Distracted        |       |       |     1 ||     1
  Eat: Chunk             |     1 |     4 |    10 ||    15
       Ration            |       |       |     1 ||     1
Armor: Robe              |       |     3 |    32 ||    35
Dodge: Dodged            |     5 |    10 |    78 ||    93

Table legend:
 A = Non-vault XP
 B = Vault XP
 C = Vault XP percentage of total XP
 D = Non-vault monster count
 E = Vault monster count
 F = Vault count percentage of total count
                 A         B        C        D         E       F
            +---------+---------+-------+---------+---------+-------
      Total |    2194 |    1643 |  42.8 |     122 |      66 |  35.1
            +---------+---------+-------+---------+---------+-------
        D:1 |      36 |       0 |   0.0 |      23 |       0 |   0.0
        D:2 |      72 |       0 |   0.0 |      24 |       0 |   0.0
        D:3 |      28 |     480 |  94.5 |      14 |       2 |  12.5
        D:4 |     544 |      20 |   3.5 |      20 |       5 |  20.0
        D:5 |     513 |     327 |  38.9 |      15 |       7 |  31.8
        D:6 |     842 |     259 |  23.5 |      21 |       2 |   8.7
        D:7 |     159 |     139 |  46.6 |       5 |       2 |  28.6
      Sewer |       0 |     418 | 100.0 |       0 |      48 | 100.0
            +---------+---------+-------+---------+---------+-------
